Map: Deathaura LE

Players

soul

  • Race: Terran Terran
  • League: Master
  • Spawn Location: 11:00

MaxPax - Winner!

  • Race: Protoss Protoss
  • League: Master
  • Spawn Location: 5:00

VOD

Have the link to the VOD?

Description

Time

  • Played on: July 7, 2020, 2:10 p.m.
  • Length: 3:22
Show
View Real Time Build Order
Export as new Build Order

soul Terran 

Build Orders: Reaper Expand 

Get SALT Encoding   

  12  0:00  SCV  
  13  0:12  SCV  
  14  0:17  Supply Depot  
  14  0:25  SCV  
  15  0:38  SCV  
  15  0:40  Barracks  
  16  0:44  Refinery  
  16  0:50  SCV  
  17  1:02  SCV  
  18  1:15  SCV  
  19  1:29  Reaper, Orbital Command  
  20  1:40  Command Center  
  20  1:49  Supply Depot  
  20  1:54  SCV  
  20  2:00  Marine  
  22  2:04  Factory  
  22  2:08  SCV  
  23  2:12  Refinery  
  23  2:20  SCV  
  24  2:23  Barracks Reactor  
  23  2:32  SCV  
  20  2:44  SCV  
  20  2:50  Hellion  
  23  2:56  SCV  
  23  2:57  Marine  
  25  3:00  Supply Depot  
  25  3:08  SCV  
Show
View Real Time Build Order
Export as new Build Order

MaxPax Protoss - Winner!

Build Orders: 1 Gate Expand 

Get SALT Encoding   

  12  0:00  Probe  
  13  0:12  Probe  
  14  0:18  Pylon  
  14  0:24  Probe  
  15  0:36  Pylon  
  15  0:37  Probe  
  16  0:49  Probe  
  17  0:54  Gateway  
  17  1:00  Assimilator  
  17  1:01  Probe  
  18  1:13  Probe  
  19  1:29  Nexus  
  19  1:32  Zealot  
  19  1:44  Cybernetics Core  
  21  1:47  Probe  
  21  1:50  Zealot  
  22  1:54  Assimilator  
  24  2:02  Probe  
  25  2:10  Stalker  
  25  2:14  Probe  
  28  2:25  Shield Battery  
  28  2:27  Probe  
  29  2:38  Stalker  
  29  2:39  Probe  
  32  2:51  Probe  
  32  2:53  Probe  
  34  3:03  Probe  
  34  3:05  Probe  
Tags
 
Add a new tag
Caveats
  • Supply blocks, unpowered buildings, or Contaminate may cause inaccurate times.
  • Supply counts are checked every 10 seconds.